 Dungeon Crawl Stone Soup version 0.29.1-13-g9f3cf754e1 (webtiles) character file.

Game seed: 4249155561379278039

872 retardedninja the Covered (level 7, -4/64 HPs)
             Began as a Minotaur Fighter on Jan 20, 2023.
             Was an Initiate of Gozag.
             Slain by an ogre
             ... wielding a +0 giant club
              (33 damage)
             ... on level 5 of the Dungeon.
             The game lasted 00:07:51 (5191 turns).

retardedninja the Covered (Minotaur Fighter)        Turns: 5191, Time: 00:07:52

Health: -4/64      AC: 12    Str: 23    XL:     7   Next: 74%
Magic:  6/6        EV:  7    Int:  5    God:    Gozag
Gold:   259        SH:  5    Dex:  9    Spells: 6/6 levels left

rFire   . . .      SeeInvis .   a - +0 war axe (chaos)
rCold   . . .      Faith    .   c - +0 buckler
rNeg    . . .      Spirit   .   i - +0 chain mail
rPois   .          Reflect  .   (helmet restricted)
rElec   .          Harm     .   (no cloak)
rCorr   .          Rampage  .   (no gloves)
Will    .....                   m - +1 pair of boots
Stlth   ..........              (no amulet)
HPRegen 0.20/turn               (no ring)
MPRegen 0.10/turn               (no ring)

@: no status effects
A: horns 2, retaliatory headbutt
a: Renounce Religion, Potion Petition, Call Merchant, Bribe Branch


You were on level 5 of the Dungeon.
You worshipped Gozag.
Gozag was aware of your devotion.
You visited 2 branches of the dungeon, and saw 6 of its levels.
You also visited: Sewer.

You collected 382 gold pieces.
You paid 123 gold pieces to Gozag.

Inventory:

Hand Weapons
 a - a +0 war axe of chaos (weapon)
Missiles
 f - 2 throwing nets (quivered)
Armour
 c - a +0 buckler (worn)
 i - a +0 chain mail (worn)
 m - a +1 pair of boots (worn)
Wands
 r - a wand of polymorph (5)
Scrolls
 e - 2 scrolls of amnesia
 l - 6 scrolls of teleportation
 n - 2 scrolls of vulnerability
 o - 2 scrolls of immolation
 p - a scroll of fear {unknown}
 s - a scroll of blinking
 t - a scroll of fog {unknown}
 v - a scroll of torment {unknown}
 w - a scroll of magic mapping {unknown}
Potions
 b - a potion of ambrosia
 d - 5 potions of flight
 g - a potion of attraction
 h - 3 potions of mutation
 j - a potion of haste
 q - a potion of brilliance {unknown}
 u - 2 potions of might


   Skills:
 + Level 6.4 Fighting
 + Level 5.7 Axes
 + Level 6.5 Armour
 + Level 6.3 Shields


You had 6 spell levels left.
You didn't know any spells.
Your spell library contained the following spells:

 Spells                   Type           Power      Damage    Failure   Level
 Scorch                   Fire           0%         2d5       100%        2
 Stone Arrow              Conj/Erth      0%         3d7       100%        3
 Anguish                  Hex/Necr       0%         N/A       100%        4
 Animate Armour           Summ/Erth      0%         N/A       100%        4
 Flame Wave               Conj/Fire      0%         2d4       100%        4
 Summon Cactus Giant      Summ           0%         N/A       100%        6
 Enfeeble                 Hex            0%         N/A       100%        7
 Lehudib's Crystal Spear  Conj/Erth      0%         10d2      100%        8


Dungeon Overview and Level Annotations

Branches:
Dungeon (5/15)             Temple (1/1) D:4           Sewer (visited)

Altars:
Ashenzari
Dithmenos
Fedhas
Gozag
Hepliaklqana
Kikubaaqudgha
Makhleb
Nemelex Xobeh
Okawaru
Qazlal
Sif Muna
Uskayaw
Vehumet
Wu Jian
Xom
Yredelemnul
Zin
The Shining One

Annotations:
D:4 2 transporters, sigtrap's ghost, amateur GrMo


Innate Abilities, Weirdness & Mutations

You have a pair of horns on your head.
You reflexively headbutt those who attack you in melee.


Message History

An adder is nearby!
You slash the adder!
You kill the adder!
You now have 236 gold pieces (gained 7).
You now have 253 gold pieces (gained 17).
Key pressed, stopping explore.
No target in view!
Key pressed, stopping explore.
No target in view!
Found an escape hatch in the floor.
w - a scroll labelled JIONWU ROMOERGH No target in view!
No target in view!
No target in view!
You now have 259 gold pieces (gained 6).
Key pressed, stopping explore.
There is a stone staircase leading down here.
An ogre comes into view. It is wielding a +0 giant club.
The ogre shouts!
You hear an angry hiss.
An ogre is nearby!
An ogre is nearby!
An ogre is nearby!
The ogre hits you with a +0 giant club!!
You slash the ogre!
The ogre seems to grow stronger.
The ogre is moderately wounded.
The ogre hits you with a +0 giant club!!
You are too injured to fight recklessly!
You are too injured to fight recklessly!
You are too injured to fight recklessly!
You are too injured to fight recklessly!
You are too injured to fight recklessly!
You are too injured to fight recklessly!
You are too injured to fight recklessly!
You are too injured to fight recklessly!
You are too injured to fight recklessly!
You feel better.
The ogre hits you with a +0 giant club!!
Ouch! That really hurt!
You die...
Your body crumbles into a pile of gold.

#.###.... #### .........
##..## #........ #....#
#........ #....##
###....... ......#
#####.#....# .....##
#..........# $ ....>.##
#......@O..#
#......###....#.#$......
.......#......#####.....
......>.......# ....
..............# ##.
...<..........#
........#....... .#
........#.##.##.. .# #
...........#..#### #.##
..


You could see an ogre (strong).

Vanquished Creatures
  A black bear (D:5)
  2 phantoms (D:4)
  A scorpion (D:5)
  2 orc priests
  A hound (D:5)
  3 iguanas
  An orc wizard (D:5)
  A merfolk siren (Sewer)
  A merfolk avatar (Sewer)
  8 gnolls
  12 adders
  A river rat (Sewer)
  2 ufetubi
  3 dart slugs
  12 orcs
  A bat (D:1)
  5 endoplasms
  6 giant cockroaches
  6 goblins
  A hobgoblin (D:2)
  10 jackals
  4 quokkas
  18 ball pythons
  6 frilled lizards
  7 kobolds
  26 rats
141 creatures vanquished.

Vanquished Creatures (collateral kills)
  A jackal (D:4)
1 creature vanquished.

Vanquished Creatures (others)
  A ball python zombie (D:4)
1 creature vanquished.

Grand Total: 143 creatures vanquished

Notes
Turn   | Place    | Note
-------+----------+-------------------------------------------
     0 | D:1      | retardedninja the Minotaur Fighter began the quest for the
                  | Orb.
     0 | D:1      | Reached XP level 1. HP: 19/19 MP: 0/0
    40 | D:1      | Found a faded altar of an unknown god.
   210 | D:1      | Reached XP level 2. HP: 27/27 MP: 1/1
   772 | D:2      | Reached XP level 3. HP: 33/33 MP: 2/2
  1113 | D:2      | Reached XP level 4. HP: 14/41 MP: 3/3
  2255 | D:3      | Found a glowing drain.
  2290 | D:3      | Reached XP level 5. HP: 45/47 MP: 4/4
  2300 | Sewer    | Entered a sewer
  2871 | Sewer    | Reached skill level 5 in Armour
  2921 | Sewer    | Reached skill level 5 in Fighting
  2921 | Sewer    | Reached skill level 5 in Shields
  3316 | D:3      | Reached XP level 6. HP: 44/56 MP: 5/5
  4014 | D:4      | Found a transporter.
  4024 | D:4      | Found a transporter.
  4030 | D:4      | Noticed sigtrap's ghost (amateur GrMo)
  4172 | D:4      | Found a staircase to the Ecumenical Temple.
  4197 | Temple   | Entered the Ecumenical Temple
  4608 | D:4      | Reached skill level 5 in Axes
  4608 | D:4      | Reached XP level 7. HP: 60/62 MP: 6/6
  4754 | D:5      | Entered Level 5 of the Dungeon
  4925 | D:5      | Found a shimmering blue altar of Sif Muna.
  4925 | D:5      | Found an iron altar of Okawaru.
  4927 | D:5      | Found a shadowy altar of Dithmenos.
  4960 | D:5      | Found a shimmering altar of Xom.
  4961 | D:5      | Found a radiant altar of Vehumet.
  4962 | D:5      | Found a hazy altar of Hepliaklqana.
  4966 | D:5      | Found an opulent altar of Gozag.
  4970 | D:5      | Became a worshipper of Gozag Ym Sagoz the Greedy
  5191 | D:5      | Slain by an ogre

Illustrated notes

Levels and vault maps discovered:
D:1:      giann_wishing_wells, layout_loops_ring,
          hellmonk_ecumenical_altar_heavens_door
D:2:      layout_basic
D:3:      layout_basic, portal_sewer_entry_c, nicolae_underground_beach
D:4:      layout_rooms, minmay_temple_entry_large_hall,
          gammafunk_ghost_stat_death, item_on_display_a
D:5:      layout_cave_pools, minitemple, kennysheep_generic_room_3
Temple:   grunt_temple_mini_profane

Skill      XL: |  1  2  3  4  5  6  7 |
---------------+----------------------+-----
Fighting       | 4 5 6 |  6.4
Armour         | 4 5 6 |  6.5
Axes           | 3 4 5 |  5.7
Shields        | 4 5 6 |  6.3

Action                   |  1- 3 |  4- 6 |  7- 9 || total
-------------------------+-------+-------+-------++-------
Melee: War axe           |    45 |   190 |    44 ||   279
       Headbutt          |     6 |    25 |     5 ||    36
  Use: Scroll            |       |    14 |       ||    14
       Potion            |       |     3 |     1 ||     4
Armor: Chain mail        |    36 |   103 |    27 ||   166
Dodge: Dodged            |    33 |    73 |    11 ||   117
Block: Buckler           |    13 |    48 |     9 ||    70
